 Dungeon Crawl Stone Soup version 0.18-a0-1576-g2b87869 (webtiles) character file.

2340 cinderflames the Carver (level 9, 0/78 HPs)
             Began as a Hill Orc Fighter on Mar 17, 2016.
             Was a Priest of Makhleb.
             Succumbed to a killer bee's poison
             ... on level 7 of the Dungeon.
             The game lasted 00:33:23 (6160 turns).

cinderflames the Carver (Hill Orc Fighter)          Turns: 6160, Time: 00:33:23

Health: 0/78       AC: 15    Str: 22    XL:     9   Next: 43%
Magic:  2/10       EV:  5    Int:  8    God:    Makhleb [***...]
Gold:   374        SH: 11    Dex: 10    Spells: 0 memorised, 8 levels left

rFire  . . .     SeeInvis .     a - +0 long sword
rCold  . . .     Gourm    .     x - +0 plate armour (curse)
rNeg   . . .     Faith    .     c - +0 shield
rPois  .         Spirit   +     (no helmet)
rElec  .         Dismiss  .     w - +0 cloak
rCorr  .         Reflect  .     i - +0 pair of gloves
SustAt .         Harm     .     (no boots)
MR     .....                    r - amulet of guardian spirit
Stlth  ..........               (no ring)
                                (no ring)

@: lethally poisoned (0 -> -31), very slightly contaminated, invisible, not
resistant to hostile enchantments, extremely unstealthy
A: no striking features
a: Minor Destruction, Lesser Servant of Makhleb, Renounce Religion


You were on level 7 of the Dungeon.
You worshipped Makhleb.
Makhleb was most pleased with you.
You were not hungry.

You visited 1 branch of the dungeon, and saw 7 of its levels.

You collected 374 gold pieces.

Inventory:

Hand Weapons
 a - a +0 long sword (weapon)
Missiles
 e - 12 poisoned needles (quivered)
Armour
 c - a +0 shield (worn)
 i - a +0 pair of gloves (worn)
 w - a +0 cloak (worn)
 x - a cursed +0 plate armour (worn)
Jewellery
 r - an amulet of guardian spirit (around neck)
 y - an uncursed ring of fire {unknown}
Scrolls
 j - a scroll of magic mapping
 k - a scroll of amnesia {unknown}
 p - a scroll of recharging {unknown}
 q - a scroll of teleportation {unknown}
 s - a scroll of random uselessness {unknown}
 t - a scroll of noise {unknown}
 u - 4 scrolls of remove curse {unknown}
 v - 3 scrolls of identify
 B - a scroll of blinking {unknown}
Potions
 b - a potion of heal wounds {unknown}
 g - a potion of mutation
 l - a potion of brilliance {unknown}
 o - a potion of lignification
 A - 2 potions of curing {unknown}
 C - a potion of resistance {unknown}
Comestibles
 f - 5 bread rations
 h - 4 fruits
 m - 2 meat rations
 z - 2 royal jellies


   Skills:
 + Level 6.6 Fighting
 * Level 8.3 Long Blades
 + Level 6.9 Armour
 - Level 0.4 Dodging
 - Level 0.3 Stealth
 + Level 7.8 Shields
 + Level 1.3 Invocations


You had 8 spell levels left.
You didn't know any spells.

Dungeon Overview and Level Annotations

Branches:
Dungeon (7/15)             Temple (0/1) D:4

Altars:
Dithmenos
Elyvilon
Makhleb
Qazlal


Message History

Your ufetubus closely misses the killer bee. x2
The killer bee barely misses you.
The killer bee completely misses your ufetubus.
Your ynoxinul closely misses the killer bee.
* * * LOW HITPOINT WARNING * * *
You feel sick. The killer bee stings you.
* * * LOW HITPOINT WARNING * * *
You are more poisoned.
The killer bee poisons you!
Your ufetubus closely misses the killer bee.
Your ufetubus barely misses the killer bee.
The killer bee barely misses your ufetubus.
The killer bee stings you.
* * * LOW HITPOINT WARNING * * *
You are more poisoned.
The killer bee poisons you! You block the killer bee's attack.
Your ufetubus hits the killer bee.
Your ufetubus hits the killer bee but does no damage.
The killer bee closely misses your ufetubus.
You die...

..............#
..............#
.......)......#
..............#
......#...#####
####+##...# .
#.....<####
?...######.....#
.......@.y.....#
#+#######yy....##
#.......#
.######.5.....#
..............#
.......y3.....#
.......5......#
..............#
..............#


You could see 3 killer bees.

Vanquished Creatures
  Eustachio (D:5)
  4 ice beasts (D:6)
  2 phantoms
  A black bear (D:6)
  3 ogres (D:6)
  2 centaurs (D:6)
  3 giant frogs
  A gnoll sergeant (D:6)
  3 scorpions
  A killer bee (D:7)
  A crimson imp (D:5)
  A giant frog skeleton (D:6)
  An orc priest (D:3)
  2 hounds
  A jelly (D:5)
  Jessica (D:2)
  Ijyb (D:2)
  Terence (D:2)
  4 iguanas
  Natasha (thrice) (D:2)
  2 worker ants
  A hound skeleton (D:3)
  Robin (D:2)
  6 gnolls (D:6)
  5 adders
  2 worms
  3 dart slugs
  2 giant geckos (D:2)
  9 orcs
  A ball python (D:2)
  2 giant cockroaches
  19 goblins
  15 hobgoblins
  10 jackals
  7 kobolds
  2 quokkas
  5 bats
  3 giant newts
  A jackal skeleton (D:4)
  A quokka skeleton (D:5)
  5 rats
139 creatures vanquished.

Vanquished Creatures (collateral kills)
  A shadow imp (D:6)
1 creature vanquished.

Grand Total: 140 creatures vanquished

Notes
Turn   | Place    | Note
--------------------------------------------------------------
     0 | D:1      | cinderflames the Hill Orc Fighter began the quest for the Orb.
     0 | D:1      | Reached XP level 1. HP: 19/19 MP: 1/1
   367 | D:1      | Reached XP level 2. HP: 27/27 MP: 2/2
  1173 | D:2      | Noticed Natasha
  1181 | D:2      | Killed Natasha
  1181 | D:2      | Reached XP level 3. HP: 30/33 MP: 3/3
  1213 | D:2      | Noticed Terence
  1224 | D:2      | Killed Terence
  1224 | D:2      | Reached XP level 4. HP: 32/41 MP: 4/4
  1230 | D:2      | Found a burning altar of Makhleb.
  1256 | D:2      | Noticed Robin
  1277 | D:2      | Killed Robin
  1566 | D:2      | Became a worshipper of Makhleb the Destroyer
  1690 | D:2      | Noticed Natasha
  1708 | D:2      | Killed Natasha
  1708 | D:2      | Reached skill level 3 in Long Blades
  1708 | D:2      | Reached XP level 5. HP: 24/47 MP: 5/5
  1717 | D:2      | Found a white marble altar of Elyvilon.
  1784 | D:2      | Noticed Ijyb
  1804 | D:2      | Killed Ijyb
  1956 | D:2      | Noticed Natasha
  1962 | D:2      | Killed Natasha
  1962 | D:2      | Reached skill level 5 in Fighting
  1984 | D:2      | Reached * piety under Makhleb
  2012 | D:2      | Noticed Jessica
  2017 | D:2      | Killed Jessica
  2034 | D:2      | Identified Jessica's Grimoire of Execration
  2081 | D:2      | Reached XP level 6. HP: 52/56 MP: 6/6
  2099 | D:2      | Reached skill level 4 in Long Blades
  2742 | D:3      | Reached ** piety under Makhleb
  2900 | D:3      | Found a shadowy altar of Dithmenos.
  3585 | D:4      | Found a staircase to the Ecumenical Temple.
  3801 | D:4      | Reached skill level 5 in Long Blades
  3952 | D:5      | Entered Level 5 of the Dungeon
  4002 | D:5      | Reached skill level 5 in Shields
  4002 | D:5      | Reached XP level 7. HP: 61/61 MP: 7/7
  4414 | D:5      | Reached skill level 5 in Armour
  4519 | D:5      | Noticed Eustachio
  4661 | D:5      | Killed Eustachio
  4954 | D:6      | Reached skill level 6 in Long Blades
  4954 | D:6      | Reached XP level 8. HP: 69/69 MP: 8/8
  5055 | D:6      | Reached *** piety under Makhleb
  5144 | D:6      | Reached skill level 7 in Long Blades
  5340 | D:6      | Reached XP level 9. HP: 72/78 MP: 9/9
  5431 | D:6      | Found a stormy altar of Qazlal.
  5455 | D:6      | Noticed a hellwing
  5860 | D:6      | Reached skill level 8 in Long Blades
  5894 | D:6      | Reached skill level 1 in Invocations
  6159 | D:7      | HP: 3/78 [killer bee (2)]
  6160 | D:7      | Succumbed to a killer bee's poison

Vault maps used:
D:1:      dpeg_arrival_lava_temple_mockup, serial_forest,
          infiniplex_forest_straight_2, infiniplex_forest_lined_ring,
          infiniplex_forest_straight_2, infiniplex_forest_fountain,
          infiniplex_forest_straight_4, infiniplex_forest_straight_3,
          infiniplex_forest_end_2
D:2:      marbit_many_paths, old_standard_altar, minmay_strange_pillars,
          kennysheep_jessica_study, uniq_terence, uniq_iyjb, uniq_natasha,
          uniq_robin
D:3:      kennysheep_the_goblin_king, nicolae_overflow_hidden_temple,
          first_bread, minmay_vboxes
D:4:      temple_statues
D:5:      uniq_eustachio
D:6:      grunt_qazlal_clouds, nrook_loot_triangle, corexii_checkpoint_b,
          minmay_misc_feat_rugged
D:7:      grunt_temple_overflow_order_and_chaos_1, the_bakery

Skill      XL: |  1  2  3  4  5  6  7  8  9 |
---------------+----------------------------+-----
Fighting       | 4 5 6 |  6.6
Armour         | 4 5 6 |  6.9
Long Blades    | 3 5 6 7 8 |  8.3
Shields        | 4 5 6 7 |  7.8
Invocations    | 1 |  1.3
Dodging        | |  0.4
Stealth        | |  0.3

Action                   |  1- 3 |  4- 6 |  7- 9 || total
-------------------------+-------+-------+-------++-------
Melee: Long sword        |    47 |   324 |   447 ||   818
Invok: Lesser Servant of |       |       |     6 ||     6
  Use: Scroll            |     2 |     2 |     1 ||     5
       Potion            |       |     3 |     2 ||     5
  Eat: Fruit             |     1 |     2 |       ||     3
       Chunk             |       |     7 |       ||     7
       Beef jerky        |       |     1 |     1 ||     2
       Meat ration       |       |       |     1 ||     1
       Pizza             |       |       |     1 ||     1
